 Dungeon Crawl Stone Soup version 0.30-a0-878-gc727b3d3d6 (webtiles) character file.

Game seed: 9403562524672816082

16142 Conn the Thaumaturge (level 12, -8/70 HPs)
             Began as an Octopode Fire Elementalist on Mar 12, 2023.
             Was an Elder of Sif Muna.
             Hit by a large rock thrown by a cyclops (36 damage)
             ... on level 11 of the Dungeon.
             The game lasted 00:44:09 (11792 turns).

Conn the Thaumaturge (Octopode Fire Elementalist)  Turns: 11792, Time: 00:44:09

Health: -8/70      AC:  7    Str: 12    XL:     12   Next: 34%
Magic:  2/35       EV: 15    Int: 21    God:    Sif Muna [****..]
Gold:   165        SH:  0    Dex: 19    Spells: 4/31 levels left

rFire   . . .      SeeInvis +    B - staff of conjuration
rCold   . . .      Faith    .    (no shield)
rNeg    + . .      Spirit   .    Q - +2 hat {Stlth+}
rPois   .          Reflect  .    x - amulet of magic regeneration
rElec   .          Rampage  .    v - ring of magical power
rCorr   .                        s - ring of wizardry
Will    .....                    h - +4 ring of protection
Stlth   ++++++                   J - ring of positive energy
HPRegen 0.31/turn                O - ring of the Sharing Enemy {Fire Drain +Blink Str+4 SInv}
MPRegen 0.64/turn                P - +6 ring of dexterity
                                 q - ring of ice
                                 V - ring of wizardry

@: no status effects
A: almost no armour, amphibious, 8 rings, camouflage 1, gelatinous body 1,
(nimble swimmer 1), tentacles, mutation resistance 1
a: Renounce Religion, Evoke Blink, Channel Magic, Forget Spell, Divine Exegesis


You were on level 11 of the Dungeon.
You worshipped Sif Muna.
Sif Muna was greatly pleased with you.
You visited 1 branch of the dungeon, and saw 11 of its levels.
You also visited: Sewer and Bailey.

You collected 667 gold pieces.
You spent 502 gold pieces at shops.

Inventory:

Hand Weapons
 c - a +4 heavy short sword
 F - the +5 great mace of Dullness {elec, *Slow Str+5}
   (You took it off a gnoll bouda in a bailey)

   Str:       It affects your strength (+5).
   *Slow:     It may slow you when you take damage.
 K - the +5 flail "Imp's Peril" {freeze, Str+4 Dex-2 SInv}
   (You found it on level 9 of the Dungeon)

   Str:       It affects your strength (+4).
   Dex:       It affects your dexterity (-2).
   SInv:      It lets you see invisible.
 U - the +9 dagger of Fedhas's Reproof {elec, rC+ Int+3}
   (You found it on level 11 of the Dungeon)

   Int:       It affects your intelligence (+3).
   rC:        It protects you from cold.
Missiles
 E - 9 throwing nets
Armour
 L - a +2 hat
 Q - a +2 hat of stealth (worn)
Magical Staves
 B - a staff of conjuration (weapon)
 C - a staff of air
Jewellery
 h - a +4 ring of protection (on tentacle)
 o - an amulet of the acrobat
 p - an amulet of faith
 q - a ring of ice (on tentacle)
 s - a ring of wizardry (right tentacle)
 v - a ring of magical power (left tentacle)
 x - an amulet of magic regeneration (around mantle)
 J - a ring of positive energy (on tentacle)
 O - the ring of the Sharing Enemy (on tentacle) {Fire Drain +Blink Str+4 SInv}
   (You found it on level 10 of the Dungeon)

   [ring of fire]

   It enhances your fire magic.
   Str:       It affects your strength (+4).
   rF:        It protects you from fire.
   rC:        It makes you vulnerable to cold.
   SInv:      It lets you see invisible.
   +Blink:    It lets you blink.
   Drain:     It drains your maximum health when unequipped.
 P - a +6 ring of dexterity (on tentacle)
 V - a ring of wizardry (on tentacle)
Wands
 u - a wand of iceblast (7)
 A - a wand of flame (27)
 D - a wand of paralysis (30)
 S - a wand of polymorph (4)
 W - a wand of mindburst (8)
Scrolls
 b - 5 scrolls of enchant armour
 d - 3 scrolls of silence
 e - 3 scrolls of amnesia
 f - 11 scrolls of teleportation
 g - 2 scrolls of immolation
 r - a scroll of blinking
 y - 2 scrolls of torment
 I - a scroll of poison
 N - a scroll of fear {unknown}
 T - a scroll of identify
Potions
 a - 3 potions of magic
 i - a potion of ambrosia
 j - 3 potions of lignification
 k - 2 potions of mutation
 l - 7 potions of curing
 m - 2 potions of might
 n - 2 potions of haste
 t - a potion of flight
 w - 2 potions of brilliance {unknown}
 z - a potion of attraction
 H - a potion of resistance
 M - a potion of berserk rage {unknown}
 R - a potion of heal wounds {unknown}
Miscellaneous
 G - a phial of floods


   Skills:
 + Level 1.7 Fighting
 + Level 1.9 Short Blades
 + Level 0.3 Staves
 + Level 3.6 Dodging
 - Level 6.3 Stealth
 + Level 10.1 Spellcasting
 * Level 5.8 Conjurations
 + Level 3.1 Hexes
 - Level 6.3 Translocations
 + Level 3.1 Transmutations
 + Level 9.8 Fire Magic
 * Level 2.7 Air Magic
 + Level 3.5 Earth Magic
 - Level 3.0 Poison Magic
 * Level 5.7 Invocations
 + Level 0.7 Evocations


You had 4 spell levels left.
You knew the following spells:

 Your Spells              Type           Power      Damage    Failure   Level
a - Foxfire               Conj/Fire      100%       2x1d9     1%          1
b - Blink                 Tloc           74%        N/A       1%          2
c - Inner Flame           Hex/Fire       54%        N/A       1%          3
d - Flame Wave            Conj/Fire      78%        2d17      1%          4
e - Scorch                Fire           100%       2d10      1%          2
f - Stone Arrow           Conj/Erth      90%        3d12      1%          3
g - Petrify               Tmut/Erth      24%        N/A       4%          4
h - Lightning Bolt        Conj/Air       21%        1d36      9%          5
i - Mephitic Cloud        Conj/Pois/Air  40%        N/A       1%          3

Your spell library contained the following spells:

 Spells                   Type           Power      Damage    Failure   Level
 Magic Dart               Conj           100%       1d8       1%          1
 Sandblast                Erth           50%        2d12      1%          1
 Lesser Beckoning         Tloc           74%        N/A       1%          2
 Momentum Strike          Conj/Tloc      100%       3d10      1%          2
 Searing Ray              Conj           100%       2d8       1%          2
 Static Discharge         Conj/Air       86%        2-6/arc   1%          2
 Kindle Blastsparks       Fire/Tloc/Air  100%       2d18      1%          3
 Call Imp                 Summ           10%        N/A       2%          2
 Fulminant Prism          Conj/Hex       22%        3d12      2%          4
 Leda's Liquefaction      Hex/Erth       12%        N/A       4%          4
 Animate Dead             Necr           10%        N/A       17%         4
 Fireball                 Conj/Fire      39%        3d16      1%          5
 Arcjolt                  Conj/Air       21%        1d31      9%          5
 Starburst                Conj/Fire      39%        6d11      11%         6
 Borgnjor's Vile Clutch   Necr/Erth      9%         N/A       22%         5
 Death Channel            Necr           5%         N/A       90%         6
 Spellforged Servitor     Conj/Summ      17%        N/A       97%         7
 Lehudib's Crystal Spear  Conj/Erth      22%        10d6      100%        8
 Fire Storm               Conj/Fire      39%        8d10      100%        9
 Animate Armour           Summ/Erth      Unusable   N/A       N/A         4

Dungeon Overview and Level Annotations

Branches:
Dungeon (11/15)            Temple (0/1) D:7            Lair (0/5) D:8
    Orc (0/2) D:10          Sewer (visited)          Bailey (visited)

Altars:
Cheibriados
Gozag
Okawaru
Ru
Sif Muna
Trog
Uskayaw
Xom
The Shining One

Shops:
D:7 (   D:8 *   D:9 *   D:11 **


Innate Abilities, Weirdness & Mutations

You cannot wear most types of armour.
You are amphibious.
You can wear up to eight rings at the same time.
Your skin changes colour to match your surroundings (Stealth+).
Your rubbery body absorbs attacks. (AC +1, EV +1)
((You are camouflaged when in or above water. (Stealth+)))
You have tentacles for arms and can constrict up to eight enemies at once.
You are somewhat resistant to further mutation.


Message History

The foxfire hits the acid dragon!
Flame seeps out of the acid dragon.
The acid dragon is severely wounded.
Unknown command.
Casting: Foxfire (safe; 1% risk of failure)
Confirm with . or Enter, or press ? or * to list all spells.
You can't see any susceptible monsters within range! (Use Z to cast anyway.)
Casting: Foxfire (safe; 1% risk of failure)
Confirm with . or Enter, or press ? or * to list all spells.
You feel a strong surge of power!
You conjure some foxfire!
The foxfire hits the acid dragon.
Flame seeps out of the acid dragon.
The acid dragon is almost dead.
The foxfire hits the acid dragon.
Flame seeps out of the acid dragon.
The acid dragon is almost dead.
A vampire mosquito comes into view.
The acid dragon is engulfed in blazing flames.
Sif Muna accepts your kill.
The acid dragon explodes!
The fiery explosion engulfs the cyclops!!
The cyclops is heavily wounded.
You hear a shout!
Casting: Foxfire (safe; 1% risk of failure)
Confirm with . or Enter, or press ? or * to list all spells.
You feel a strong surge of power!
You conjure some foxfire!
A komodo dragon comes into view.
The cyclops is engulfed in blazing flames.
The foxfire hits the cyclops.
The cyclops is almost dead.
The foxfire hits the vampire mosquito but does no damage.
Casting: Foxfire (safe; 1% risk of failure)
Confirm with . or Enter, or press ? or * to list all spells.
You can't see any susceptible monsters within range! (Use Z to cast anyway.)
Casting: Foxfire (safe; 1% risk of failure)
Confirm with . or Enter, or press ? or * to list all spells.
You feel a strong surge of power!
You conjure some foxfire!
The foxfire hits the cyclops but does no damage.
The cyclops is almost dead.
The vampire mosquito is engulfed in blazing flames. x2
The cyclops throws a large rock.
The large rock hits you!!!
Ouch! That really hurt!
You die...

.####.....####.# #.# #... .#
##...## #.# #.####.. .#
##.## #.# #..# #.. .## #.#
##.# #..# ### ..##.'#.#+
##..# ##.# ...###...###...##
#.# .......8..l§§y§§## #.##
...###...###C§§§v## ##..###
..##.'#§#')##..#@v##
##.....## .##.C
#.#)..##.##§§######....#...
.#..
##.##...#.###.§.##.....#####
.#( ##...##.$#.#
###v#......# #
.####.....####.# ##...#....#
...............#
##..###....#
###.....##########..##
#...## ####.....#####..###
#...# ####.....#..## #...#


You could see a cyclops (ally target), a komodo dragon and a vampire mosquito.

Vanquished Creatures
  6 two-headed ogres
  The ghost of fly the Cleaver, a novice DgDe (D:8)
  A deep elf pyromancer (D:10)
  Pikel (D:7)
  A deep elf zephyrmancer (D:10)
  A cyclops (D:11)
  Maggie (D:9)
  An unseen horror (D:11)
  A komodo dragon (D:8)
  5 trolls
  Grinder (D:6)
  A hornet (D:9)
  Prince Ribbit (D:7)
  2 shadows
  2 wraiths
  3 wyverns
  12 yaks
  Grum (Bailey)
  An acid dragon (D:11)
  2 water moccasins
  2 orc warriors
  A swamp drake (D:10)
  2 black bears
  3 ogres
  5 wolves (Bailey)
  4 centaurs
  2 lemures (D:7)
  3 phantoms (D:6)
  A kobold brigand (D:8)
  4 bullfrogs
  7 gnoll sergeants
  2 scorpions
  14 wights
  2 howler monkeys
  A crimson imp (D:10)
  6 hounds
  9 gnoll boudas
  6 orc priests
  4 iguanas
  An iron imp (D:10)
  2 sleepcaps (D:6)
  13 orc wizards
  27 gnolls
  7 adders
  A river rat (D:4)
  A shadow imp (D:10)
  A white imp (D:10)
  An ufetubus (D:4)
  2 worms (D:3)
  4 dart slugs
  34 orcs
  7 bats
  10 endoplasms
  7 giant cockroaches
  5 goblins
  6 hobgoblins
  4 jackals
  14 kobolds
  2 quokkas
  5 ball pythons
  6 frilled lizards
  6 rats
289 creatures vanquished.

Vanquished Creatures (collateral kills)
  2 foxfires (D:8)
2 creatures vanquished.

Vanquished Creatures (others)
  638 foxfires
  13 plants
651 creatures vanquished.

Grand Total: 942 creatures vanquished

Notes
Turn   | Place    | Note
-------+----------+-------------------------------------------
     0 | D:1      | Conn the Octopode Fire Elementalist began the quest for the
                  | Orb.
     0 | D:1      | Reached XP level 1. HP: 11/11 MP: 3/3
   135 | D:1      | Reached XP level 2. HP: 17/17 MP: 1/5
   976 | D:2      | Reached XP level 3. HP: 20/21 MP: 6/6
  1669 | D:3      | Reached XP level 4. HP: 17/27 MP: 4/7
  1906 | D:3      | Found a shimmering blue altar of Sif Muna.
  1915 | D:3      | Became a worshipper of Sif Muna the Loreminder
  1941 | D:3      | Found a faded altar of an unknown god.
  2276 | D:3      | Learned a level 2 spell: Scorch
  2280 | D:3      | Learned a level 3 spell: Inner Flame
  2283 | D:3      | Learned a level 2 spell: Blink
  2379 | D:3      | Reached skill level 1 in Short Blades
  2865 | D:4      | Reached skill level 3 in Spellcasting
  2865 | D:4      | Reached XP level 5. HP: 31/31 MP: 3/9
  2955 | D:4      | Reached skill level 1 in Translocations
  2990 | D:4      | Found a bloodstained altar of Trog.
  3204 | D:4      | Reached * piety under Sif Muna
  3222 | D:4      | Found a glowing drain.
  3231 | Sewer    | Entered a sewer
  3278 | Sewer    | Noticed a water moccasin
  3312 | Sewer    | Killed a water moccasin
  3313 | Sewer    | Reached XP level 6. HP: 33/37 MP: 10/11
  3944 | D:4      | Found a hide-covered altar of Uskayaw.
  4312 | D:5      | Entered Level 5 of the Dungeon
  4314 | D:5      | Found a sacrificial altar of Ru.
  4316 | D:5      | Noticed a two-headed ogre
  4387 | D:5      | Reached skill level 4 in Spellcasting
  4387 | D:5      | Reached XP level 7. HP: 42/42 MP: 10/13
  4394 | D:5      | Reached skill level 1 in Hexes
  4533 | D:5      | Reached skill level 5 in Fire Magic
  4588 | D:5      | Found an opulent altar of Gozag.
  4590 | D:5      | Noticed a two-headed ogre
  4592 | D:5      | Found a transporter.
  4598 | D:5      | Found a transporter.
  4909 | D:6      | Reached XP level 8. HP: 47/47 MP: 14/14
  5035 | D:6      | Reached ** piety under Sif Muna
  5036 | D:6      | Reached skill level 5 in Stealth
  5045 | D:6      | Noticed Grinder
  5051 | D:6      | Reached skill level 5 in Spellcasting
  5058 | D:6      | Killed Grinder
  5059 | D:6      | Reached skill level 1 in Fighting
  5181 | D:6      | Reached XP level 9. HP: 34/53 MP: 17/17
  5454 | D:6      | Found a shimmering altar of Xom.
  5537 | D:6      | Reached skill level 6 in Spellcasting
  5768 | D:6      | Learned a level 4 spell: Flame Wave
  5772 | D:6      | Learned a level 3 spell: Stone Arrow
  6176 | D:7      | Found an iron altar of Okawaru.
  6192 | D:7      | Found a flagged portal.
  6249 | Bailey   | Entered a bailey
  6301 | Bailey   | Reached skill level 5 in Translocations
  6363 | Bailey   | Reached *** piety under Sif Muna
  6375 | Bailey   | Reached skill level 7 in Spellcasting
  6380 | Bailey   | Noticed Grum
  6387 | Bailey   | Killed Grum
  6430 | Bailey   | Reached XP level 10. HP: 38/59 MP: 12/20
  6675 | Bailey   | Identified the +5 great mace of Dullness {elec, *Slow
                  | Str+5}
  6786 | Bailey   | Got the Treatise on the Fault
  6861 | Bailey   | Got the Incunabulum of Aerial Geomancy
  6932 | D:7      | Noticed Pikel
  6937 | D:7      | Killed Pikel
  7068 | D:7      | Found Zatuddy's Firing Range.
  7253 | D:7      | Found a staircase to the Ecumenical Temple.
  7340 | D:7      | Noticed Prince Ribbit
  7345 | D:7      | Killed Prince Ribbit
  7346 | D:7      | Reached skill level 8 in Spellcasting
  7650 | D:5      | Learned a level 4 spell: Petrify
  7657 | D:5      | Killed a two-headed ogre
  7660 | D:5      | Killed a two-headed ogre
  7661 | D:5      | Reached skill level 1 in Transmutations
  7661 | D:5      | Reached skill level 1 in Earth Magic
  7661 | D:5      | Reached skill level 1 in Invocations
  7903 | D:8      | Found a staircase to the Lair.
  7947 | D:8      | Reached **** piety under Sif Muna
  7949 | D:8      | Reached XP level 11. HP: 18/63 MP: 18/23
  8320 | D:8      | Found a glowing golden altar of the Shining One.
  8647 | D:8      | Found Neer's CLEARANCE SALE!.
  8657 | D:8      | Bought a potion of curing for 12 gold pieces
  8662 | D:8      | Found a runed translucent gate.
  8662 | D:8      | Found a runed translucent gate.
  8662 | D:8      | Found a runed translucent gate.
  8667 | D:8      | Noticed fly's ghost (novice DgDe)
  8683 | D:8      | Killed fly's ghost
  8897 | D:9      | Identified the +0 pair of gloves of Time Monsters {Int+2}
  9156 | D:9      | Reached skill level 9 in Spellcasting
  9277 | D:9      | Noticed Maggie
  9285 | D:9      | Killed Maggie
  9396 | D:9      | Gained mutation: You are somewhat resistant to further
                  | mutation. [potion of mutation]
  9561 | D:9      | Found Qirad's Gadget Gallery.
  9605 | D:9      | Identified the +5 flail "Imp's Peril" {freeze, Str+4 Dex-2
                  | SInv}
  9908 | D:10     | Entered Level 10 of the Dungeon
 10070 | D:10     | Found a staircase to the Orcish Mines.
 10070 | D:10     | Noticed a two-headed ogre
 10076 | D:10     | Killed a two-headed ogre
 10077 | D:10     | Reached skill level 5 in Conjurations
 10232 | D:10     | Found a snail-covered altar of Cheibriados.
 10258 | D:10     | Learned a level 5 spell: Lightning Bolt
 10268 | D:10     | Identified the ring of the Sharing Enemy {Fire Drain +Blink
                  | Str+4 SInv}
 10348 | D:10     | Reached ***** piety under Sif Muna
 10359 | D:10     | Received a gift from Sif Muna
 10360 | D:10     | Got Uceaha's Precepts of Violent Interference {god gift}
 10522 | D:10     | Noticed a deep elf zephyrmancer
 10527 | D:10     | Killed a deep elf zephyrmancer
 10528 | D:10     | Reached skill level 5 in Invocations
 10529 | D:10     | Noticed a deep elf pyromancer
 10533 | D:10     | Killed a deep elf pyromancer
 10534 | D:10     | Reached skill level 1 in Air Magic
 10562 | D:10     | Learned a level 3 spell: Mephitic Cloud
 10663 | D:10     | Noticed a two-headed ogre
 10695 | D:10     | Killed a two-headed ogre
 10699 | D:10     | Reached skill level 1 in Poison Magic
 11116 | D:11     | Found Tidwuxol's General Store.
 11120 | D:11     | Bought a scroll of teleportation for 42 gold pieces
 11120 | D:11     | Bought a book of Fire for 420 gold pieces
 11120 | D:11     | Bought a scroll of identify for 28 gold pieces
 11219 | D:11     | Identified the +9 dagger of Fedhas's Reproof {elec, rC+
                  | Int+3}
 11247 | D:11     | Reached XP level 12. HP: 70/70 MP: 25/25
 11598 | D:11     | Found Jausary's General Store.
 11752 | D:11     | Noticed a two-headed ogre
 11752 | D:11     | Noticed a two-headed ogre
 11759 | D:11     | Killed a two-headed ogre
 11759 | D:11     | Killed a two-headed ogre
 11760 | D:11     | Reached skill level 10 in Spellcasting
 11792 | D:11     | Hit by a large rock thrown by a cyclops

Illustrated notes

Levels and vault maps discovered:
D:1:      elethiomel_arrival_quiet, layout_rooms, minmay_misc_feat_diagonals,
          serial_bayou_crossing
D:2:      layout_loops_ring
D:3:      layout_basic, mainiacjoe_overflow_alcove_2,
          shapermc_ecumenical_altar_flowoftime, minmay_pentomino_pile
D:4:      layout_basic, nicolae_uskayaw_suspiria,
          mainiacjoe_overflow_cross_hatched, portal_sewer_entry_b
D:5:      layout_cave_pools, gammafunk_temple_overflow_arena,
          overflow_temple_1_default
D:6:      layout_basic, mainiacjoe_overflow_surrounded_room,
          hangedman_abyss_or_decor_stagger, uniq_grinder
D:7:      layout_rooms, mainiacjoe_overflow_concentric_impassable,
          minmay_temple_entry_glassed_door, enter_bailey_2,
          nicolae_shop_firing_range, uniq_prince_ribbit1, uniq_pikel
D:8:      layout_loops_ring, tso_oasis_becter, david_lair_shrubbed,
          gammafunk_ghost_spectres, nicolae_shop_clearance
D:9:      layout_small_grid, nicolae_shop_gadgets, uniq_maggie
D:10:     layout_stronghold, mainiacjoe_overflow_six_doors_small, orc_0_dummy,
          serial_column_ruins, column_ruins_open_tiny, column_ruins_open_tiny,
          column_ruins_open_small, column_ruins_corridor_straight,
          column_ruins_open_tiny, column_ruins_corridor_T, hangedman_minor_magic
D:11:     cheibrodos_barr_body, layout_cave_pods, serial_shops,
          nicolae_shop_hallway_stairs, shop

Skill      XL: |  1  2  3  4  5  6  7  8  9 10 11 12 |
---------------+-------------------------------------+-----
Stealth        | 3 4 5 6 |  6.3
Short Blades   | 1 |  1.9
Spellcasting   | 3 4 5 7 8 9 10 | 10.1
Fire Magic     | 4 5 6 7 8 9 |  9.8
Translocations | 1 2 3 4 5 6 |  6.3
Conjurations   | 2 3 4 5 |  5.8
Hexes          | 1 2 3 |  3.1
Fighting       | 1 |  1.7
Dodging        | 3 |  3.6
Transmutations | 2 3 |  3.1
Earth Magic    | 2 3 |  3.5
Invocations    | 3 5 |  5.7
Air Magic      | 1 2 |  2.7
Poison Magic   | 2 3 |  3.0
Staves         | |  0.3
Evocations     | |  0.7

Action                     |  1- 3 |  4- 6 |  7- 9 | 10-12 || total
---------------------------+-------+-------+-------+-------++-------
  Melee: Constrict         |    14 |    15 |     6 |     5 ||    40
         Tentacles         |    12 |    11 |     2 |    14 ||    39
         Unarmed           |     3 |       |       |       ||     3
         Short sword       |    39 |    55 |    11 |     5 ||   110
         Punch             |     1 |     1 |       |       ||     2
         Staff             |       |       |       |    18 ||    18
         Dagger            |       |       |       |    14 ||    14
   Cast: Foxfire           |    34 |   104 |    93 |   146 ||   377
         Scorch            |       |     8 |    43 |    72 ||   123
         Inner Flame       |       |     2 |    14 |    21 ||    37
         Blink             |       |       |     6 |    12 ||    18
         Flame Wave        |       |       |     4 |    27 ||    31
         Petrify           |       |       |       |     5 ||     5
         Mephitic Cloud    |       |       |       |     4 ||     4
  Evoke: Wand              |       |       |       |     4 ||     4
    Use: Scroll            |     3 |     9 |     5 |     7 ||    24
         Potion            |       |     3 |     1 |     3 ||     7
   Stab: Sleeping          |     6 |     7 |     4 |     7 ||    24
 Armour: Skin              |     5 |     6 |     2 |    13 ||    26
  Dodge: Dodged            |    20 |    57 |    36 |    71 ||   184

Table legend: (Time is in decaauts)
 A = Elapsed time spent in this place.
 B = Non-inter-level travel time spent in this place.
 C = Inter-level travel time spent in this place.
 D = Time resting spent in this place.
 E = Time spent auto-exploring this place.
 F = Levels seen in this place.
 G = Mean time per level.
                   A        B        C        D        E       F      G
               +--------+--------+--------+--------+--------+-----+--------+
         Total |  11773 |  11465 |    308 |     42 |   8737 |  13 |  905.6 |
       Dungeon |  10807 |  10499 |    308 |     42 |   8165 |  11 |  982.5 |
         Sewer |    296 |    296 |      0 |      0 |    201 |   1 |  296.0 |
        Bailey |    669 |    669 |      0 |      0 |    371 |   1 |  669.0 |
               +--------+--------+--------+--------+--------+-----+--------+

Top non-repeatable levels by time:
     D:6: 1401 daAuts
     D:3: 1214 daAuts
    D:10: 1209 daAuts
     D:4: 1165 daAuts
     D:9: 1036 daAuts
     D:8: 972 daAuts
     D:1: 889 daAuts
     D:7: 819 daAuts
     D:2: 741 daAuts
     D:5: 684 daAuts
    D:11: 672 daAuts
  Bailey: 669 daAuts
   Sewer: 296 daAuts
